 Dungeon Crawl Stone Soup version 0.31.0-32-g396128a36d (webtiles) character file.

Game seed: 13963640302408447173

392 TacoSundae the Shooter (level 6, 0/43 HPs)
             Began as a Barachi Hexslinger on Apr 17, 2024.
             Slain by an orc priest
             ... wielding a +0 dagger
              (4 damage)
             ... on level 5 of the Dungeon.
             The game lasted 00:09:02 (3730 turns).

TacoSundae the Shooter (Barachi Hexslinger)         Turns: 3730, Time: 00:09:05

Health: 0/43       AC:  2    Str:  9    XL:     6   Next: 81%
Magic:  7/9        EV: 12    Int: 14    God:
Gold:   214        SH:  5    Dex: 16    Spells: 7/9 levels left

rFire   . . .        a - +1 sling
rCold   + . .        v - +1 buckler {reflect}
rNeg    . . .        c - +0 robe
rPois   .            (no helmet)
rElec   .            (no cloak)
rCorr   .            (no gloves)
SInv    .            (no boots)
Will    .....        (no amulet)
Stlth   +            q - ring of protection from cold
HPRegen 0.27/turn    h - ring of wizardry
MPRegen 0.11/turn

%: reflection, wizardry (x1)
@: weak-willed, unable to hop, jinxed, slow
A: amphibious, slowness 1, strong legs 1, +LOS
a: Hop


You were on level 5 of the Dungeon.
You visited 1 branch of the dungeon, and saw 5 of its levels.

You collected 214 gold pieces.

Inventory:

Hand Weapons
 a - a +1 sling (weapon)
Missiles
 j - 5 poisoned darts
Armour
 c - a +0 robe (worn)
 v - a +1 buckler of reflection (worn)
Jewellery
 h - a ring of wizardry (right hand)
 q - a ring of protection from cold (left hand)
Wands
 r - a wand of mindburst (16)
Scrolls
 b - a scroll of poison
 g - a scroll of silence
 k - a scroll of vulnerability
 x - a scroll of teleportation
Potions
 e - a potion of attraction
 i - a potion of magic
 m - a potion of berserk rage
 n - a potion of curing
 o - a potion of heal wounds {unknown}
 p - 2 potions of degeneration {unknown}
 s - a potion of resistance {unknown}


   Skills:
 - Level 1.2 Fighting
 * Level 5.6 Ranged Weapons
 - Level 2.1 Dodging
 - Level 2.0 Spellcasting
 + Level 5.2 Hexes
 - Level 1.1 Fire Magic


You had 7 spell levels left.
You knew the following spells:

 Your Spells              Type           Power      Damage    Failure   Level
a - Jinxbite              Hex            32%        N/A       2%          2

Your spell library contained the following spells:

 Spells                   Type           Power      Damage    Failure   Level
 Sigil of Binding         Hex            16%        N/A       5%          3
 Inner Flame              Hex/Fire       10%        N/A       12%         3
 Cause Fear               Hex            8%         N/A       16%         4
 Cigotuvi's Dreadful Rot  Necr/Alch/Air  2%         N/A       22%         2
 Swiftness                Air            1%         N/A       38%         3
 Dimensional Bullseye     Hex/Tloc       4%         N/A       43%         4
 Vhi's Electric Charge    Tloc/Air       2%         N/A       78%         4
 Plasma Beam              Fire/Air       1%         2x1d11    100%        6


Dungeon Overview and Level Annotations

Branches:
Dungeon (5/15)
 Temple: D:4-7

Altars:
The Shining One

Portals:
Abyss: D:4

Annotations:
D:3 1 runed translucent door, Crazy Yiuf
D:4 2 transporters, flammie80's ghost, weakling FoMo


Innate Abilities, Weirdness & Mutations

You are amphibious.
You cover ground slowly.
You can hop short distances.
You have an extended range of vision and can be seen from far away.


Message History

Press: ? - help, Q - select action, (/) - cycle Shift-Dir - straight line, f - sleepcap
Aim: a sleepcap (chance to call a sprite on attack: 58%, 98% to hit)
You shoot a sling bullet.
The sling bullet hits the sleepcap but does no damage.
Fire: a) +1 sling
Press: ? - help, Q - select action, (/) - cycle Shift-Dir - straight line, f/p - sleepcap
Aim: a sleepcap (chance to call a sprite on attack: 58%, 98% to hit)
You shoot a sling bullet. The sling bullet hits the sleepcap.
The sleepcap is lightly damaged.
You block the sleepcap's attack.
Fire: a) +1 sling
Press: ? - help, Q - select action, (/) - cycle Shift-Dir - straight line, f/p - sleepcap
Aim: a sleepcap (lightly damaged, chance to call a sprite on attack: 58%, 98% to hit)
You shoot a sling bullet. The sling bullet hits the sleepcap.
The sleepcap is lightly damaged.
A giggling sprite leaps out and makes the sleepcap trip over its own stem.
The sleepcap is moderately damaged.
The sleepcap releases spores at you.
Fire: a) +1 sling
Press: ? - help, Q - select action, (/) - cycle Shift-Dir - straight line, f/p - sleepcap
Aim: a sleepcap (moderately damaged, heavily drained, chance to call a sprite on attack: 64%, 98% to hit)
You shoot a sling bullet. The sling bullet hits the sleepcap.
The sleepcap is moderately damaged.
A giggling sprite leaps out and makes the sleepcap trip over its own stem.
The sleepcap is heavily damaged.
The sleepcap misses you.
The orc priest calls down the wrath of Beogh upon you.
Pain shoots through your body!
Fire: a) +1 sling
Press: ? - help, Q - select action, (/) - cycle Shift-Dir - straight line, f/p - sleepcap
Aim: a sleepcap (heavily damaged, heavily drained, chance to call a sprite on attack: 64%, 98% to hit)
You shoot a sling bullet. The sling bullet hits the sleepcap.
The sleepcap is heavily damaged.
The sleepcap closely misses you.
The orc priest hits you with a +0 dagger.
* * * LOW HITPOINT WARNING * * *
The orc hits you with a +0 club.
* * * LOW HITPOINT WARNING * * *
The orc priest hits you with a +0 dagger.
You die...

..... ...... #..... .. ......
#.....##...#. ... ...... #..#
#.....#. .).. ##..... #..#
#....##.# #).# .......##..#
##...##.######...##
........#..###.........#.......#
#......<..#......###...o.o.#
#........†....of.# #....#..#
#....###......@o.# ##...# .# .
#... ##.......## #..##..#...
.... .#.##......####.........#
.## ..............#..........#
........##...#...#.........
........###..##..###...##...
...#...## #..##..# #.## #.
####... #.###..# .# #..#. #..
#..# .#


You could see a sleepcap (very drained), an orc priest and an orc.

Vanquished Creatures
  A phantom (D:4)
  A crimson imp (D:4)
  A bombardier beetle (D:4)
  2 sleepcaps (D:4)
  An iguana (D:3)
  2 adders (D:4)
  A gnoll (D:1)
  5 dart slugs
  A ribbon worm (D:3)
  2 orcs
  3 ball pythons
  7 endoplasms
  6 giant cockroaches
  8 goblins
  8 hobgoblins
  7 jackals (D:1)
  4 quokkas
  4 bats (D:1)
  6 frilled lizards
  3 goblin skeletons (D:4)
  A goblin zombie (D:4)
  4 hobgoblin zombies (D:4)
  5 kobolds
  A kobold zombie (D:4)
  6 rats
90 creatures vanquished.

Vanquished Creatures (collateral kills)
  A hound (D:5)
  An adder (D:5)
  2 orcs (D:5)
4 creatures vanquished.

Grand Total: 94 creatures vanquished

Notes
Turn   | Place    | Note
-------+----------+-------------------------------------------
     0 | D:1      | TacoSundae the Barachi Hexslinger began the quest for the
                  | Orb.
     0 | D:1      | Reached XP level 1. HP: 15/15 MP: 2/2
    93 | D:1      | Reached XP level 2. HP: 21/21 MP: 4/4
   245 | D:1      | Reached XP level 3. HP: 26/26 MP: 5/5
   248 | D:1      | Learned a level 2 spell: Jinxbite
   680 | D:1      | Reached XP level 4. HP: 32/32 MP: 7/7
   790 | D:2      | Got Sif Muna's Almanac of the Voyage and the Tempest
  1947 | D:3      | Found a faded altar of an unknown god.
  2174 | D:3      | Found a runed translucent door.
  2175 | D:3      | Noticed Crazy Yiuf
  2475 | D:4      | Found a glowing golden altar of the Shining One.
  2489 | D:4      | Reached XP level 5. HP: 34/37 MP: 6/8
  2556 | D:4      | Noticed a phantom
  2583 | D:4      | Killed a phantom
  2584 | D:4      | Reached XP level 6. HP: 14/43 MP: 9/9
  2942 | D:4      | Reached skill level 5 in Ranged Weapons
  3047 | D:4      | Noticed flammie80's ghost (weakling FoMo)
  3055 | D:4      | Found a transporter.
  3216 | D:4      | Found a transporter.
  3216 | D:4      | Found a one-way gate to the infinite horrors of the Abyss.
  3221 | D:4      | Reached skill level 5 in Hexes
  3333 | D:4      | HP: 2/43 [burnt (7)]
  3617 | D:5      | Entered Level 5 of the Dungeon
  3730 | D:5      | Slain by an orc priest

Illustrated notes

Levels and vault maps discovered:
D:1:      elethiomel_arrival_infinity_welcomes_careful_drivers, layout_rooms,
          serial_bayou_lagoon_a
D:2:      layout_basic
D:3:      layout_loops_ring, ebering_ecumenical_altar_petrified,
          uniq_crazy_yiuf_cottage
D:4:      layout_gridville, nicolae_tso_besieged_by_evil,
          gammafunk_ghost_abyssal_escape, minmay_pentomino_pile
D:5:      layout_layer_cave, nicolae_ru_the_path_less_chosen,
          lemuel_doored_altar, mainiacjoe_overflow_24_doors,
          cheibrodos_sewer_entry_bend, nicolae_nh_ransacked_shop

Skill      XL: |  1  2  3  4  5  6 |
---------------+-------------------+-----
Ranged Weapons | 3 4 5 |  5.6
Spellcasting   | 2 |  2.0
Hexes          | 4 5 |  5.2
Fighting       | |  1.2
Dodging        | |  2.1
Fire Magic     | |  1.1

Action                     |  1- 3 |  4- 6 || total
---------------------------+-------+-------++-------
   Fire: Sling             |   112 |   246 ||   358
   Cast: Jinxbite          |       |     3 ||     3
Ability: Hop               |       |     2 ||     2
    Use: Scroll            |       |    11 ||    11
 Armour: Robe              |    30 |    69 ||    99
  Dodge: Dodged            |    43 |    61 ||   104
  Block: Buckler           |       |     4 ||     4
